 Dungeon Crawl Stone Soup version 0.26.1-2-gb8aa6d0cf2 (webtiles) character file.

Game seed: 3909145128821889030

518 ruda the Skirmisher (level 7, -2/94 HPs)
             Began as a Minotaur Fighter on Mar 16, 2021.
             Slain by an orc warrior
             ... wielding a +0 long sword
              (21 damage)
             ... on level 3 of the Dungeon.
             The game lasted 00:05:14 (3157 turns).

ruda the Skirmisher (Minotaur Fighter)              Turns: 3157, Time: 00:05:14

Health: -2/94      AC:  8    Str: 23    XL:     7   Next: 1%
Magic:  6/6        EV:  7    Int:  5    God:
Gold:   156        SH: 10    Dex:  9    Spells: 6/6 levels left

rFire    . . .     SeeInvis .   a - +0 war axe
rCold    . . .     Faith    .   c - +0 kite shield
rNeg     . . .     Spirit   .   b - +0 scale mail
rPois    .         Reflect  .   (helmet restricted)
rElec    .         Harm     .   (no cloak)
rCorr    .         Rampage  .   i - +0 pair of gloves
Will     .....                  (no boots)
Stlth    ..........             (no amulet)
HPRegen  0.25/turn              (no ring)
MPRegen  0.10/turn              (no ring)

@: berserking, very quick
A: retaliatory headbutt, horns 2
a: no special abilities


You were on level 3 of the Dungeon.
You visited 1 branch of the dungeon, and saw 4 of its levels.

You collected 156 gold pieces.

Inventory:

Hand Weapons
 a - a +0 war axe (weapon)
Missiles
 q - 23 poisoned darts (quivered)
Armour
 b - a +0 scale mail (worn)
 c - a +0 kite shield (worn)
 i - a +0 pair of gloves (worn)
Scrolls
 e - 2 scrolls of teleportation {unknown}
 f - a scroll of amnesia {unknown}
 k - a scroll of identify
 m - a scroll of magic mapping {unknown}
 p - a scroll of enchant weapon {unknown}
Potions
 d - a potion of might
 g - a potion of degeneration {unknown}
 h - 2 potions of brilliance {unknown}
 j - 2 potions of berserk rage
 l - a potion of flight {unknown}
 n - a potion of cancellation {unknown}
 o - a potion of attraction {unknown}


   Skills:
 * Level 6.2 Fighting
 * Level 5.5 Axes
 + Level 0.8 Throwing
 + Level 5.0 Armour
 + Level 5.1 Shields


You had 6 spell levels left.
You didn't know any spells.
Your spell library contained the following spells:

 Spells                   Type           Power        Failure   Level
 Confusing Touch          Hex            0%           100%        3
 Gell's Gravitas          Tloc           0%           100%        3
 Petrify                  Tmut/Erth      0%           100%        4
 Metabolic Englaciation   Hex/Ice        0%           100%        5
 Yara's Violent Unravell  Hex/Tmut       0%           100%        5


Dungeon Overview and Level Annotations

Branches:
Dungeon (4/15)
 Temple: D:4-7

Altars:
Fedhas
Xom


Innate Abilities, Weirdness & Mutations

You reflexively headbutt those who attack you in melee.
You have a pair of horns on your head.


Message History

There is a stone staircase leading up here.
The orc warrior hits you with a +0 long sword!
* * * LOW HITPOINT WARNING * * *
You block the orc's attack.
You climb upwards.
Reactivating autopickup.
There is a stone staircase leading down here.
As you read the scroll labelled KOCKUH XUKHID, it crumbles to dust.
It is a scroll of identify.
j - 3 potions of berserk rage You block the orc warrior's attack.
A red film seems to cover your vision as you go berserk!
You feel yourself moving faster!
You feel mighty! You block the orc warrior's attack.
You hit the orc warrior.
The orc warrior is heavily wounded.
Your shield prevents you from hitting the orc warrior.
The orc warrior is heavily wounded.
The orc warrior hits you with a +0 long sword!!
You die...

...#................#....#
)..#.#...(##..#.###.####.#
.....#....###)#.###.####.#
...###...)##......#.#....#
...#.#....##....#.#.#.####
.....'....##.#......#.#
...#.#....##....#.###.#
.....#....#####o..# #.###########
...###..........@.# #...........#
....##.##########.#############.#
....##.....#......##.........##.#
....#####.##.#######'#######.##.#
....# #.##.###.............##.#
....# #....#.'.........######..
....# ######.#.........# ###
....# #.#.........######## ....#
###.#########.........


You could see an orc warrior.

Vanquished Creatures
  Grinder (D:3)
  A phantom (D:4)
  An iguana (D:4)
  4 gnolls (D:3)
  3 adders
  An ooze (D:3)
  9 worms
  3 dart slugs
  2 leopard geckos
  8 orcs
  4 giant cockroaches
  14 goblins
  6 hobgoblins
  12 jackals
  12 kobolds
  2 quokkas
  A ball python (D:2)
  7 bats
  6 frilled lizards
  8 rats
105 creatures vanquished.

Notes
Turn   | Place    | Note
-------+----------+-------------------------------------------
     0 | D:1      | ruda the Minotaur Fighter began the quest for the Orb.
     0 | D:1      | Reached XP level 1. HP: 19/19 MP: 0/0
   211 | D:1      | Reached XP level 2. HP: 27/27 MP: 1/1
   278 | D:1      | Reached skill level 4 in Fighting
   388 | D:1      | Reached XP level 3. HP: 33/33 MP: 2/2
   967 | D:2      | Found a faded altar of an unknown god.
  1156 | D:2      | Reached XP level 4. HP: 41/41 MP: 3/3
  1722 | D:3      | Noticed Grinder
  1735 | D:3      | Killed Grinder
  1736 | D:3      | Reached skill level 5 in Fighting
  1736 | D:3      | Reached XP level 5. HP: 18/49 MP: 4/4
  1736 | D:3      | Reached XP level 6. HP: 20/56 MP: 5/5
  2039 | D:3      | Found a blossoming altar of Fedhas.
  2039 | D:3      | Found a shimmering altar of Xom.
  2340 | D:3      | Reached skill level 5 in Axes
  3116 | D:4      | Reached skill level 6 in Fighting
  3116 | D:4      | Reached skill level 5 in Armour
  3116 | D:4      | Reached skill level 5 in Shields
  3127 | D:4      | Reached XP level 7. HP: 38/63 MP: 6/6
  3157 | D:3      | Slain by an orc warrior

Illustrated notes

Levels and vault maps discovered:
D:1:      dpeg_arrival_rooms_a, layout_loops_cross, st_stairs_1,
          minmay_box_of_dots
D:2:      layout_rooms, chequers_ecumenical_altar_lobes, minmay_small_reverse_x
D:3:      layout_basic, gammafunk_temple_overflow_elements, uniq_grinder
D:4:      layout_loops_ring, serial_shops, nicolae_shop_behind_doors

Skill      XL: |  1  2  3  4  5  6 |
---------------+-------------------+-----
Axes           | 3 4 5 |  5.5
Fighting       | 4 5 6 |  6.2
Shields        | 4 5 |  5.1
Armour         | 4 5 |  5.0
Throwing       | |  0.8

Action                   |  1- 3 |  4- 6 |  7- 9 || total
-------------------------+-------+-------+-------++-------
Melee: War axe           |   105 |   145 |    12 ||   262
       Headbutt          |    10 |    23 |     3 ||    36
  Use: Scroll            |       |       |     1 ||     1
       Potion            |       |       |     1 ||     1
Armor: Scale mail        |    53 |    56 |     3 ||   112
Dodge: Dodged            |    37 |    40 |     1 ||    78
Block: Kite shield       |    50 |    61 |     9 ||   120
